 Dungeon Crawl Stone Soup version 0.31-a0-237-g2d982f9f85 (webtiles) character file.

Game seed: 17637158165276008959

41 qw the Shooter (level 3, 0/29 HPs)
             Began as a Minotaur Hexslinger on July 10, 2023.
             Slain by an orc wizard
             ... wielding a +0 dagger
              (3 damage)
             ... on level 2 of the Dungeon.
             The game lasted 00:00:28 (1165 turns).

qw the Shooter (Minotaur Hexslinger)                Turns: 1165, Time: 00:00:29

Health: 0/29       AC:  5    Str: 18    XL:     3   Next: 32%
Magic:  0/3        EV: 11    Int: 10    God:
Gold:   105        SH:  0    Dex: 14    Spells: 3/4 levels left

rFire   + . .        Y - +1 sling
rCold   . . .        (no shield)
rNeg    . . .        q - +0 ring mail
rPois   .            (helmet restricted)
rElec   .            (no cloak)
rCorr   .            (no gloves)
SInv    .            (no boots)
Will    .....        j - amulet of guardian spirit
Stlth   +            k - +6 ring of strength
HPRegen 0.24/turn    l - ring of protection from fire
MPRegen 0.08/turn

%: guardian spirit
@: lethally poisoned (0 -> -1)
A: horns 2, retaliatory headbutt
a: no special abilities


You were on level 2 of the Dungeon.
You visited 1 branch of the dungeon, and saw 2 of its levels.

You collected 105 gold pieces.


Innate Abilities, Weirdness & Mutations

You have a pair of horns on your head.
You reflexively headbutt those who attack you in melee.


   Skills:
 - Level 2.0 Fighting
 + Level 3.9 Ranged Weapons
 - Level 2.1 Dodging
 - Level 1.0 Spellcasting
 - Level 2.0 Hexes


You had 3 spell levels left.
You knew the following spells:

 Your Spells              Type           Power      Damage    Failure   Level
a - Slow                  Hex            16%        N/A       26%         1

Your spell library contained the following spells:

 Spells                   Type           Power      Damage    Failure   Level
 Inner Flame              Hex/Fire       2%         N/A       77%         3
 Portal Projectile        Hex/Tloc       4%         N/A       77%         3
 Cause Fear               Hex            2%         N/A       95%         4

Inventory:

Hand Weapons
 Y - a +1 sling (weapon)
Armour
 b - a scarf of repulsion
 q - a +0 ring mail (worn)
Jewellery
 j - an amulet of guardian spirit (around neck)
 k - a +6 ring of strength (left hand)
 l - a ring of protection from fire (right hand)
Scrolls
 a - a scroll of fear {unknown}
Potions
 c - a potion of lignification {unknown}
 d - a potion of heal wounds {unknown}
 f - a potion of invisibility {unknown}
 n - a potion of haste {unknown}
 p - 2 potions of brilliance {unknown}

Dungeon Overview and Level Annotations

Branches:
Dungeon (2/15)

Altars:


Message History

You shoot a sling bullet.
You hear some strange, mumbled words.
A magic dart appears from out of thin air!
The magic dart hits you.
You shoot a sling bullet. Something hits you.
You shoot a sling bullet. Something hits you but does no damage.
You shoot a sling bullet. The adder hisses angrily.
The sling bullet hits the adder.
The adder is lightly wounded.
You hear some strange, mumbled words.
You are confused.
Something hits you. Something hits you but does no damage.
Something hits you but does no damage. Something hits you.
Something hits you but does no damage. The adder closely misses you.
Something hits you but does no damage.
You feel less confused. The adder bites you.
You are poisoned.
The adder poisons you! Something hits you but does no damage.
You shoot a sling bullet.
The sling bullet closely misses the adder.
You feel sick. The adder closely misses you. Something hits you.
The adder bites you but does no damage.
You shoot a sling bullet.
The sling bullet hits the adder but does no damage.
The adder is lightly wounded.
You feel sick. The adder closely misses you.
Something hits you but does no damage. The adder bites you but does no damage.
You shoot a sling bullet.
The sling bullet barely misses the adder.
You feel sick. Something hits you but does no damage. The adder misses you.
You furiously retaliate!
You headbutt the adder!
You kill the adder!
Something hits you.
You die...

#.~~~~#._.+.... ##.# #......
##~~~~#?..#....##..######......
##~......#............
~~~~........###.......
~~~#.........#.#.#### ~~
#...#.......#.#...
##.....##.###...##
####...#.##.##..####
#.)@...#..#.........
#....{##...............
......)#....##...........
......# .##..#^#.......(.
...... .. .............. ......
......##........> .....
.#######......... ..... ##
#......... ....


There were no monsters in sight!

Vanquished Creatures
  2 adders (D:2)
  2 dart slugs (D:2)
  2 orcs (D:2)
  3 ball pythons
  An endoplasm (D:1)
  4 giant cockroaches
  A hobgoblin (D:1)
  2 kobolds (D:1)
  2 quokkas
  3 bats
  A frilled lizard (D:1)
  3 rats (D:1)
26 creatures vanquished.

Notes
Turn   | Place    | Note
-------+----------+-------------------------------------------
     0 | D:1      | qw the Minotaur Hexslinger began the quest for the Orb.
     0 | D:1      | Reached XP level 1. HP: 16/16 MP: 1/1
     0 | D:1      | 0 ||| qw: Version: 0.3-a-52-g30416fa
     0 | D:1      | 0 ||| qw: Game counter: 5347
     0 | D:1      | 0 ||| qw: Melee chars always use a shield: true
     0 | D:1      | 0 ||| qw: God list: Okawaru
     0 | D:1      | 0 ||| qw: Allow faded altars: false
     0 | D:1      | 0 ||| qw: Do Orc after clearing Dungeon:15 true
     0 | D:1      | 0 ||| qw: Do second Lair branch before Depths: true
     0 | D:1      | 0 ||| qw: Lair rune preference: random
     0 | D:1      | 0 ||| qw: Goals: Normal
     0 | D:1      | 0 ||| PLANNING D:1-11
   293 | D:1      | Reached skill level 3 in Ranged Weapons
   305 | D:1      | Reached XP level 2. HP: 23/23 MP: 2/2
   724 | D:1      | 724 ||| DROPPING scarf of invisibility.
   725 | D:1      | 725 ||| UPGRADING to +0 ring mail.
   735 | D:1      | 735 ||| DROPPING +0 robe.
   736 | D:1      | 736 ||| UPGRADING to amulet of guardian spirit.
   741 | D:1      | 741 ||| UPGRADING to +6 ring of strength.
   742 | D:1      | 742 ||| UPGRADING to ring of protection from fire.
   743 | D:1      | 743 ||| READING scroll labelled ODIUGE QIOJUT.
   744 | D:1      | 744 ||| READING scroll labelled UHIKKA RUAPLEI.
   749 | D:1      | 749 ||| READING scroll labelled VUTYDO WUVEG.
   850 | D:1      | 850 ||| READING scroll labelled QEONTODDUVEA.
   851 | D:1      | 851 ||| READING 2 scrolls labelled MEROORIDEQ.
   852 | D:1      | 852 ||| DROPPING scroll of poison.
   853 | D:1      | 853 ||| DROPPING scroll of fog.
  1000 | D:2      | Reached XP level 3. HP: 20/29 MP: 3/3
  1080 | D:2      | Found a faded altar of an unknown god.
  1140 | D:2      | 1140 ||| FLEEEEING.
  1163 | D:2      | HP: 7/29 [poisoned by an adder]
  1164 | D:2      | HP: 3/29 [poisoned by an adder]
  1165 | D:2      | Slain by an orc wizard

Levels and vault maps discovered:
D:1:      co_arrival_random_square_maze, layout_basic, minmay_misc_feat_cross
D:2:      layout_rooms, nicolae_ecumenical_lake_church, minmay_tetromino_s2

Skill      XL: |  1  2 |
---------------+-------+-----
Ranged Weapons | 3 |  3.9
Fighting       | 2 |  2.0
Dodging        | |  2.1
Spellcasting   | |  1.0
Hexes          | |  2.0

Action                     || total
---------------------------++-------
   Fire: Sling             ||    85
    Use: Scroll            ||     5
 Armour: Robe              ||     6
         Ring mail         ||    20
  Dodge: Dodged            ||    24

Table legend:
 A = Non-vault XP
 B = Vault XP
 C = Vault XP percentage of total XP
 D = Non-vault monster count
 E = Vault monster count
 F = Vault count percentage of total count
                 A         B        C        D         E       F
            +---------+---------+-------+---------+---------+-------
      Total |      59 |      14 |  19.2 |      25 |       1 |   3.8
            +---------+---------+-------+---------+---------+-------
        D:1 |      25 |       0 |   0.0 |      16 |       0 |   0.0
        D:2 |      34 |      14 |  29.2 |       9 |       1 |  10.0
            +---------+---------+-------+---------+---------+-------
